Capitals vs Rangers

Created - February 18, 2015 at 18:47

Goals
1 2 3 T
Capitals 1 2 2 5
Rangers 2 0 2 4
Shots
1 2 3 T
Capitals 12 10 10 32
Rangers 10 2 10 22

1st period

1. Rangers , Mikael Backlund 15 (Tyler Ennis, Anton Volchenkov) at 3:27
2. Rangers , Bryan Allen 2 (Tomas Tatar, Karl Alzner) at 10:40
3. Capitals , Alexander Ovechkin 36 (Ryan McDonagh, David Desharnais) at 11:56

Penalties :
Derek Dorsett (WSH) for Roughing (Minor) at 16:02, Jay Harrison (WSH) for Boarding (Minor) at 18:57

2nd period

4. Capitals , Taylor Hall 33 (Mike Green) at 12:25
5. Capitals , Jiri Tlusty 11 (Taylor Hall, Dmitri Orlov) at 16:37

Penalties :
Anton Volchenkov (NYR) for Tripping (Minor) at 1:31, Bryan Allen (NYR) for Hooking (Minor) at 8:33, Kris Russell (NYR) for Roughing (Minor) at 17:57

3rd period

6. Capitals , David Desharnais 11 (Dmitri Orlov, Alexander Semin) at 2:00 (PP)
7. Capitals , David Desharnais 12 (Taylor Hall) at 7:33 (PP)
8. Rangers , Jaromir Jagr 24 (Chris Tanev, Sean Couturier) at 11:31
9. Rangers , Jaromir Jagr 25 (Derek Morris, Sean Couturier) at 18:35

Penalties :
Tomas Tatar (NYR) for Hooking (Minor) at 1:54, Tyler Ennis (NYR) for Hooking (Minor) at 6:01, T.J. Galiardi (WSH) for High sticking (Minor) at 15:21

Goalie Stats

James Reimer (WSH), 18 saves from 22 shots - (0.818), W, 11-6-2, 60:00 minutes
Brian Elliott (NYR), 27 saves from 32 shots - (0.844), L, 18-13-5, 59:59 minutes

Players Stats for Capitals

Player Name              G  A  P  +/- PIM S  H  SB GA TA FO     MP     PP MP  PK MP  
------------------------------------------------------------------------------------
Alexander Ovechkin       1  0  1   0  0   3  7  0  0  0  1/3    24:26   3:38   0:00 
Alexander Semin          0  1  1   1  0   4  0  0  0  0  1/4    20:14   3:38   1:14 
Bryce Salvador           0  0  0  -2  0   0  0  1  0  0  0/0    15:37   0:00   1:56 
Cody Eakin               0  0  0  -2  0   2  0  0  0  0  1/1    11:10   0:00   0:00 
Corey Potter             0  0  0   0  0   0  1  0  0  0  0/0     5:27   0:00   1:12 
David Desharnais         2  1  3   1  0   3  0  0  0  0  14/23  19:00   3:38   0:00 
Derek Dorsett            0  0  0  -1  2   0  0  0  0  0  4/7     5:25   0:00   0:00 
Dmitri Orlov             0  2  2   0  0   2  3  1  0  0  0/0    18:22   4:30   0:46 
Jay Harrison             0  0  0  -2  2   1  0  0  0  0  0/0    13:14   0:01   0:00 
Jiri Tlusty              1  0  1   1  0   3  2  0  0  0  0/1    20:11   3:57   1:17 
Mathieu Perreault        0  0  0  -2  0   1  1  0  0  0  7/13   11:10   0:00   0:00 
Matt Stajan              0  0  0   1  0   3  0  0  0  0  20/29  23:07   3:57   4:40 
Mike Green               0  1  1   1  0   1  2  1  0  0  0/0    21:34   4:29   1:12 
Nate Guenin              0  0  0   0  0   1  4  1  0  0  0/0    17:05   0:00   3:59 
Ryan McDonagh            0  1  1   1  0   3  4  1  0  0  0/0    25:35   3:05   2:49 
T.J. Galiardi            0  0  0  -2  2   0  1  0  0  0  0/0    10:42   0:00   0:00 
Taylor Hall              1  2  3   1  0   5  1  0  0  0  0/0    22:18   3:05   4:43 
Tomas Fleischmann        0  0  0  -1  0   0  0  0  0  0  0/1     9:23   3:57   0:00 

Players Stats for Rangers

Player Name              G  A  P  +/- PIM S  H  SB GA TA FO     MP     PP MP  PK MP  
------------------------------------------------------------------------------------
Alex Goligoski           0  0  0   0  0   1  3  2  0  0  0/0    27:10   3:08   1:56 
Andrew Ference           0  0  0   0  0   0  0  0  0  0  0/0     0:00   0:00   0:00 
Anton Volchenkov         0  1  1   2  2   0  6  1  0  0  0/0    16:42   0:00   2:26 
Benoit Pouliot           0  0  0   0  0   0  1  0  0  0  0/1     3:45   0:00   0:16 
Bryan Allen              1  0  1  -1  2   2  3  0  0  0  0/0     9:58   0:00   0:00 
Chris Tanev              0  1  1   2  0   0  0  2  0  0  0/0    18:47   0:00   4:24 
Craig Smith              0  0  0   0  0   1  0  0  0  0  1/3    18:59   3:19   0:00 
David Legwand            0  0  0   0  0   1  0  0  0  0  8/16   13:51   0:00   0:59 
Derek Morris             0  1  1   1  0   0  0  1  0  0  0/0     8:26   3:08   0:00 
Jaromir Jagr             2  0  2   1  0   5  2  0  0  0  2/7    20:34   2:38   0:00 
Joffrey Lupul            0  0  0   1  0   1  5  0  0  0  1/3    23:47   3:19   2:32 
Karl Alzner              0  1  1  -1  0   0  0  1  0  0  0/0    16:31   2:49   3:37 
Kris Russell             0  0  0  -1  2   1  1  2  0  0  0/0    22:23   2:49   2:47 
Mikael Backlund          1  0  1   0  0   6  2  1  0  0  6/16   22:59   2:38   4:47 
Sean Couturier           0  2  2   1  0   1  1  1  0  0  15/34  23:08   3:19   5:22 
Steve Downie             0  0  0   0  0   0  2  0  0  0  0/0    12:58   0:00   0:00 
Tomas Tatar              0  1  1   0  2   2  1  0  0  0  0/0    12:57   0:00   0:00 
Tyler Ennis              0  1  1   0  2   1  1  0  0  0  1/2    19:25   2:38   1:14 

3 Stars

1 - David Desharnais (WSH)
2 - Jaromir Jagr (NYR)
3 - Taylor Hall (WSH)

Power Play

Capitals - 2 on 5 Attempt(s) - 40.00%
Rangers - 0 on 3 Attempt(s) - 0.00%

Penalty Kill

Capitals - 3 on 3 Attempt(s) - 100.00% - Score 0 goal in Penalty Kill
Rangers - 3 on 5 Attempt(s) - 60.00% - Score 0 goal in Penalty Kill

Team Stat

Capitals - Hits : 26 - Faceoff Wins : 48 - Blocked Shots : 5 - Penalty Minutes : 6
Rangers - Hits : 28 - Faceoff Wins : 34 - Blocked Shots : 11 - Penalty Minutes : 10

Official

Referees : Dan O'Rourke and Francois StLaurent
Linesman : Kiel Murchison and Mike Cvik

Game Notes

No Game Note

Finance

Level 1 -- Attendance: 4179 (64.29%) -- Ticket Income $522,375
Level 2 -- Attendance: 4621 (92.42%) -- Ticket Income $346,575
Level 3 -- Attendance: 3340 (95.43%) -- Ticket Income $167,000
Level 4 -- Attendance: 2200 (100.00%) -- Ticket Income $55,000
Luxury Box -- Attendance: 709 (70.90%) -- Ticket Income $177,250
Game was played at the Madison Square Garden'
Total Attendance: 15049 (82.69%)
Total Ticket Income: $1,268,200
Other Income: $190,230
Total Income: $1,458,430

% Time on Ice - Capitals

Lines # - Real PCT - Wanted PCT - Time Play
Normal Forward
1 - 33% - 36% - 15:22
2 - 32% - 33% - 14:30
3 - 23% - 16% - 10:43
4 - 12% - 15% - 5:26
Normal Defense
1 - 35% - 35% - 15:53
2 - 28% - 30% - 13:06
3 - 29% - 25% - 13:14
4 - 8% - 10% - 3:48
PP Forward
1 - 48% - 60% - 3:38
2 - 52% - 40% - 3:57
PP Defense
1 - 41% - 60% - 3:05
2 - 59% - 40% - 4:30
PK Forward
1 - 79% - 60% - 4:43
2 - 21% - 40% - 1:14
PK Defense
1 - 67% - 60% - 3:59
2 - 33% - 40% - 1:58
PK3 Forward
1 - 0% - 60%
2 - 0% - 40%
PK3 Defense
1 - 0% - 60%
2 - 0% - 40%
44 Forward
1 - 0% - 60%
2 - 0% - 40%
44 Defense
1 - 0% - 60%
2 - 0% - 40%
Last Minute Offensive  - 0:00
Last Minute Defensive  - 0:27
Total
Forward - 60:00
Defense - 60:00

% Time on Ice - Rangers

Lines # - Real PCT - Wanted PCT - Time Play
Normal Forward
1 - 31% - 40% - 14:27
2 - 34% - 30% - 15:34
3 - 28% - 20% - 12:52
4 - 8% - 10% - 3:29
Normal Defense
1 - 36% - 40% - 16:48
2 - 31% - 30% - 14:17
3 - 22% - 20% - 9:59
4 - 11% - 10% - 5:18
PP Forward
1 - 44% - 60% - 2:38
2 - 56% - 40% - 3:19
PP Defense
1 - 53% - 60% - 3:08
2 - 47% - 40% - 2:49
PK Forward
1 - 80% - 60% - 6:05
2 - 20% - 40% - 1:30
PK Defense
1 - 47% - 60% - 3:33
2 - 53% - 40% - 4:02
PK3 Forward
1 - 0% - 60%
2 - 0% - 40%
PK3 Defense
1 - 0% - 60%
2 - 0% - 40%
44 Forward
1 - 0% - 60%
2 - 0% - 40%
44 Defense
1 - 0% - 60%
2 - 0% - 40%
Last Minute Offensive  - 0:06
Last Minute Defensive  - 0:00
Total
Forward - 60:00
Defense - 60:00

Play by Play

1st period


0:01 of 1st period - Sean Couturier wins face-off versus David Desharnais in neutral zone.
1:24 of 1st period - Shot by Tyler Ennis.
1:24 of 1st period - Shot Misses the Net.
1:26 of 1st period - Shot by Mikael Backlund.
1:26 of 1st period - Stopped by James Reimer without a rebound.
1:27 of 1st period - David Legwand wins face-off versus Matt Stajan in Capitals zone.
1:43 of 1st period - Shot by Matt Stajan.
1:43 of 1st period - Shot Misses the Net.
1:45 of 1st period - Shot by Nate Guenin.
1:45 of 1st period - Stopped by Brian Elliott without a rebound.
1:46 of 1st period - Mathieu Perreault wins face-off versus Jaromir Jagr in Rangers zone.
1:59 of 1st period - Shot by T.J. Galiardi.
1:59 of 1st period - Shot Misses the Net.
2:07 of 1st period - Shot by Mathieu Perreault.
2:07 of 1st period - Shot Blocked by Derek Morris.
2:09 of 1st period - Shot by Cody Eakin.
2:09 of 1st period - Stopped by Brian Elliott without a rebound.
2:10 of 1st period - Matt Stajan wins face-off versus David Legwand in Rangers zone.
2:29 of 1st period - Shot by Steve Downie.
2:29 of 1st period - Shot Misses the Net.
2:37 of 1st period - Shot by David Legwand.
2:37 of 1st period - Shot Blocked by Nate Guenin.
2:39 of 1st period - Shot by Steve Downie.
2:39 of 1st period - Shot Misses the Net.
3:27 of 1st period - Shot by Mikael Backlund.
3:27 of 1st period - Goal by Mikael Backlund - Capitals : 0 - Rangers : 1.
3:28 of 1st period - Derek Dorsett wins face-off versus Sean Couturier in neutral zone.
3:44 of 1st period - Off-side.
3:45 of 1st period - Mathieu Perreault wins face-off versus Mikael Backlund in neutral zone.
4:12 of 1st period - Shot by Craig Smith.
4:12 of 1st period - Shot Misses the Net.
4:21 of 1st period - Off-side.
4:22 of 1st period - Derek Dorsett wins face-off versus Jaromir Jagr in neutral zone.
4:27 of 1st period - Shot by Alexander Ovechkin.
4:27 of 1st period - Stopped by Brian Elliott without a rebound.
4:28 of 1st period - Derek Dorsett wins face-off versus Sean Couturier in Rangers zone.
4:28 of 1st period - Derek Dorsett is hit by Anton Volchenkov.
4:30 of 1st period - Shot by Alexander Ovechkin.
4:30 of 1st period - Shot Misses the Net.
4:32 of 1st period - Shot by Derek Dorsett.
4:32 of 1st period - Deflect By Alexander Ovechkin.
4:32 of 1st period - The goal is going for a video replay.
4:32 of 1st period - The goal is refused.
4:33 of 1st period - Sean Couturier wins face-off versus Tomas Fleischmann in Rangers zone.
4:48 of 1st period - Shot by Joffrey Lupul.
4:48 of 1st period - Shot Misses the Net.
4:54 of 1st period - Shot by Joffrey Lupul.
4:54 of 1st period - Stopped by James Reimer without a rebound.
4:55 of 1st period - Matt Stajan wins face-off versus David Legwand in Capitals zone.
5:05 of 1st period - Jiri Tlusty is hit by Anton Volchenkov and loses puck.
5:31 of 1st period - Shot by Mike Green.
5:31 of 1st period - Stopped by Brian Elliott without a rebound.
5:32 of 1st period - Alexander Semin wins face-off versus Sean Couturier in Rangers zone.
5:32 of 1st period - David Desharnais is hit by Kris Russell and loses puck.
5:36 of 1st period - David Desharnais is hit by Alex Goligoski and loses puck.
6:08 of 1st period - Bryce Salvador is hit by Joffrey Lupul and loses puck.
6:12 of 1st period - Bryce Salvador is hit by Alex Goligoski and loses puck.
6:15 of 1st period - Shot by Bryce Salvador.
6:15 of 1st period - Shot Misses the Net.
6:17 of 1st period - Shot by Alexander Semin.
6:17 of 1st period - Stopped by Brian Elliott with a rebound.
6:30 of 1st period - Joffrey Lupul is hit by Nate Guenin and loses puck.
6:53 of 1st period - Shot by Cody Eakin.
6:53 of 1st period - Stopped by Brian Elliott without a rebound.
6:54 of 1st period - Matt Stajan wins face-off versus Mikael Backlund in Rangers zone.
7:48 of 1st period - Taylor Hall is hit by Anton Volchenkov and loses puck.
8:10 of 1st period - Icing by Dmitri Orlov.
8:11 of 1st period - David Desharnais wins face-off versus David Legwand in Capitals zone.
8:24 of 1st period - Shot by Alexander Semin.
8:24 of 1st period - Stopped by Brian Elliott without a rebound.
8:25 of 1st period - Cody Eakin wins face-off versus Jaromir Jagr in Rangers zone.
8:32 of 1st period - T.J. Galiardi is hit by Jaromir Jagr and loses puck.
8:41 of 1st period - Shot by Benoit Pouliot.
8:41 of 1st period - Shot Misses the Net.
8:43 of 1st period - Shot by Jaromir Jagr.
8:43 of 1st period - Stopped by James Reimer with a rebound.
9:18 of 1st period - Icing by Kris Russell.
9:19 of 1st period - Jaromir Jagr wins face-off versus David Desharnais in Rangers zone.
9:39 of 1st period - David Desharnais is hit by Bryan Allen and loses puck.
9:48 of 1st period - Shot by David Desharnais.
9:48 of 1st period - Deflect By Alexander Semin.
9:48 of 1st period - Shot Misses the Net.
9:50 of 1st period - Shot by Ryan McDonagh.
9:50 of 1st period - Stopped by Brian Elliott without a rebound.
9:51 of 1st period - Matt Stajan wins face-off versus Mikael Backlund in Rangers zone.
9:58 of 1st period - Shot by Taylor Hall.
9:58 of 1st period - Shot Misses the Net.
10:04 of 1st period - Chris Tanev is hit by Jiri Tlusty.
10:14 of 1st period - Shot by Mikael Backlund.
10:14 of 1st period - Shot Hit the Post.
10:16 of 1st period - Shot by Tyler Ennis.
10:16 of 1st period - Stopped by James Reimer without a rebound.
10:17 of 1st period - David Legwand wins face-off versus Derek Dorsett in Capitals zone.
10:17 of 1st period - Tomas Tatar is hit by Ryan McDonagh and loses puck.
10:28 of 1st period - Shot by Steve Downie.
10:28 of 1st period - Shot Blocked by Ryan McDonagh.
10:38 of 1st period - Shot by Tomas Tatar.
10:38 of 1st period - Shot Misses the Net.
10:40 of 1st period - Shot by Bryan Allen.
10:40 of 1st period - Goal by Bryan Allen - Capitals : 0 - Rangers : 2.
10:41 of 1st period - Sean Couturier wins face-off versus Matt Stajan in neutral zone.
11:37 of 1st period - Alex Goligoski is hit by Alexander Ovechkin and loses puck.
11:56 of 1st period - Shot by Alexander Ovechkin.
11:56 of 1st period - Goal by Alexander Ovechkin - Capitals : 1 - Rangers : 2.
11:57 of 1st period - Craig Smith wins face-off versus Mathieu Perreault in neutral zone.
12:19 of 1st period - Icing by Bryce Salvador.
12:20 of 1st period - Mathieu Perreault wins face-off versus David Legwand in Capitals zone.
12:20 of 1st period - Mathieu Perreault is hit by Steve Downie.
12:23 of 1st period - Jay Harrison is hit by Tomas Tatar and loses puck.
12:48 of 1st period - Shot by Steve Downie.
12:48 of 1st period - Shot Misses the Net.
12:50 of 1st period - Shot by Steve Downie.
12:50 of 1st period - Deflect By David Legwand.
12:50 of 1st period - Shot Misses the Net.
13:35 of 1st period - Craig Smith is hit by Ryan McDonagh and loses puck.
13:42 of 1st period - Shot by Tyler Ennis.
13:42 of 1st period - Shot Misses the Net.
13:44 of 1st period - Shot by Mikael Backlund.
13:44 of 1st period - Shot Misses the Net.
13:46 of 1st period - Shot by Bryan Allen.
13:46 of 1st period - Stopped by James Reimer without a rebound.
13:47 of 1st period - Matt Stajan wins face-off versus Sean Couturier in Capitals zone.
13:51 of 1st period - Taylor Hall is hit by Joffrey Lupul and loses puck.
13:56 of 1st period - Shot by Matt Stajan.
13:56 of 1st period - Stopped by Brian Elliott without a rebound.
13:57 of 1st period - David Desharnais wins face-off versus Sean Couturier in Rangers zone.
14:00 of 1st period - Shot by Ryan McDonagh.
14:00 of 1st period - Stopped by Brian Elliott without a rebound.
14:01 of 1st period - Jaromir Jagr wins face-off versus Derek Dorsett in Rangers zone.
14:15 of 1st period - Sean Couturier is hit by Ryan McDonagh and loses puck.
16:02 of 1st period - Minor Penalty to Derek Dorsett for Roughing.
16:03 of 1st period - Matt Stajan wins face-off versus Sean Couturier in Capitals zone.
17:14 of 1st period - Shot by Derek Morris.
17:14 of 1st period - Shot Blocked by Bryce Salvador.
17:16 of 1st period - Shot by Mikael Backlund.
17:16 of 1st period - Stopped by James Reimer without a rebound.
17:17 of 1st period - Matt Stajan wins face-off versus Tyler Ennis in Capitals zone.
18:44 of 1st period - Shot by Steve Downie.
18:44 of 1st period - Shot Misses the Net.
18:46 of 1st period - Shot by Tomas Tatar.
18:46 of 1st period - Stopped by James Reimer with a rebound.
18:57 of 1st period - Minor Penalty to Jay Harrison for Boarding.
18:58 of 1st period - Matt Stajan wins face-off versus Sean Couturier in Capitals zone.
18:58 of 1st period - Matt Stajan is hit by Joffrey Lupul.
19:08 of 1st period - Shot by Alex Goligoski.
19:08 of 1st period - Stopped by James Reimer without a rebound.
19:09 of 1st period - Matt Stajan wins face-off versus Craig Smith in Capitals zone.
Goals for this period are 1 for Capitals vs 2 for Rangers.
Shots for this period are 12 for Capitals vs 10 for Rangers.

2nd period


0:01 of 2nd period - Mikael Backlund wins face-off versus Matt Stajan in neutral zone.
0:23 of 2nd period - Off-side.
0:24 of 2nd period - Matt Stajan wins face-off versus Sean Couturier in neutral zone.
0:55 of 2nd period - Shot by Taylor Hall.
0:55 of 2nd period - Shot Blocked by Sean Couturier.
1:08 of 2nd period - Alexander Semin is hit by Anton Volchenkov and loses puck.
1:18 of 2nd period - Icing by Chris Tanev.
1:19 of 2nd period - Mathieu Perreault wins face-off versus David Legwand in Rangers zone.
1:19 of 2nd period - Mathieu Perreault is hit by Anton Volchenkov.
1:28 of 2nd period - Shot by T.J. Galiardi.
1:28 of 2nd period - Shot Misses the Net.
1:30 of 2nd period - Shot by Ryan McDonagh.
1:30 of 2nd period - Shot Misses the Net.
1:31 of 2nd period - Minor Penalty to Anton Volchenkov for Tripping.
1:32 of 2nd period - Sean Couturier wins face-off versus Alexander Ovechkin in Rangers zone.
1:45 of 2nd period - Shot by Dmitri Orlov.
1:45 of 2nd period - Stopped by Brian Elliott with a rebound.
1:47 of 2nd period - Shot by Alexander Semin.
1:47 of 2nd period - Deflect By Alexander Ovechkin.
1:47 of 2nd period - Shot Misses the Net.
1:49 of 2nd period - Shot by Mike Green.
1:49 of 2nd period - Shot Blocked by Mikael Backlund.
2:04 of 2nd period - Off-side.
2:05 of 2nd period - Sean Couturier wins face-off versus Matt Stajan in neutral zone.
2:30 of 2nd period - Shot by Mikael Backlund.
2:30 of 2nd period - Stopped by James Reimer without a rebound.
2:31 of 2nd period - Tyler Ennis wins face-off versus David Desharnais in Capitals zone.
2:31 of 2nd period - Tyler Ennis is hit by Mike Green.
2:45 of 2nd period - Shot by Dmitri Orlov.
2:45 of 2nd period - Stopped by Brian Elliott with a rebound.
2:47 of 2nd period - Shot by David Desharnais.
2:47 of 2nd period - Shot Blocked by Alex Goligoski.
2:49 of 2nd period - Shot by Dmitri Orlov.
2:49 of 2nd period - Shot Blocked by Alex Goligoski.
3:06 of 2nd period - Off-side.
3:07 of 2nd period - Matt Stajan wins face-off versus Sean Couturier in neutral zone.
3:07 of 2nd period - Matt Stajan is hit by Mikael Backlund.
3:36 of 2nd period - Icing by Derek Morris.
3:37 of 2nd period - David Legwand wins face-off versus David Desharnais in Rangers zone.
4:17 of 2nd period - Icing by David Legwand.
4:18 of 2nd period - David Legwand wins face-off versus Matt Stajan in Rangers zone.
4:18 of 2nd period - David Legwand is hit by Jiri Tlusty.
4:41 of 2nd period - Shot by Jiri Tlusty.
4:41 of 2nd period - Shot Misses the Net.
5:27 of 2nd period - Ryan McDonagh is hit by Bryan Allen and loses puck.
5:50 of 2nd period - Shot by Jaromir Jagr.
5:50 of 2nd period - Shot Misses the Net.
5:58 of 2nd period - Shot by Sean Couturier.
5:58 of 2nd period - Shot Misses the Net.
6:02 of 2nd period - Shot by Jaromir Jagr.
6:02 of 2nd period - Shot Blocked by Mike Green.
6:39 of 2nd period - Off-side.
6:40 of 2nd period - David Desharnais wins face-off versus Joffrey Lupul in neutral zone.
6:46 of 2nd period - Icing by Alex Goligoski.
6:47 of 2nd period - David Desharnais wins face-off versus Jaromir Jagr in Rangers zone.
6:54 of 2nd period - Shot by David Desharnais.
6:54 of 2nd period - Shot Misses the Net.
7:00 of 2nd period - Jaromir Jagr is hit by Alexander Ovechkin and loses puck.
8:33 of 2nd period - Minor Penalty to Bryan Allen for Hooking.
8:34 of 2nd period - Sean Couturier wins face-off versus David Desharnais in Rangers zone.
8:34 of 2nd period - Sean Couturier is hit by Alexander Ovechkin.
9:18 of 2nd period - Off-side.
9:19 of 2nd period - Matt Stajan wins face-off versus Sean Couturier in neutral zone.
9:46 of 2nd period - Shot by Ryan McDonagh.
9:46 of 2nd period - Stopped by Brian Elliott with a rebound.
10:29 of 2nd period - Shot by Joffrey Lupul.
10:29 of 2nd period - Shot Misses the Net.
10:39 of 2nd period - Shot by Tyler Ennis.
10:39 of 2nd period - Shot Misses the Net.
11:34 of 2nd period - Icing by Ryan McDonagh.
11:35 of 2nd period - Mikael Backlund wins face-off versus Derek Dorsett in Capitals zone.
11:35 of 2nd period - Bryan Allen is hit by Corey Potter and loses puck.
11:42 of 2nd period - Shot by Tyler Ennis.
11:42 of 2nd period - Deflect By Mikael Backlund.
11:42 of 2nd period - Stopped by James Reimer without a rebound.
11:43 of 2nd period - Matt Stajan wins face-off versus Mikael Backlund in Capitals zone.
11:43 of 2nd period - Matt Stajan is hit by Mikael Backlund.
12:23 of 2nd period - Shot by Taylor Hall.
12:23 of 2nd period - Shot Misses the Net.
12:25 of 2nd period - Shot by Taylor Hall.
12:25 of 2nd period - Goal by Taylor Hall - Capitals : 2 - Rangers : 2.
12:26 of 2nd period - Sean Couturier wins face-off versus David Desharnais in neutral zone.
12:26 of 2nd period - Alex Goligoski is hit by Alexander Ovechkin and loses puck.
12:44 of 2nd period - Sean Couturier is hit by Nate Guenin and loses puck.
12:57 of 2nd period - Shot by Joffrey Lupul.
12:57 of 2nd period - Shot Misses the Net.
13:12 of 2nd period - Jaromir Jagr is hit by Dmitri Orlov and loses puck.
13:20 of 2nd period - Icing by Dmitri Orlov.
13:21 of 2nd period - Mikael Backlund wins face-off versus Alexander Semin in Capitals zone.
13:21 of 2nd period - Mikael Backlund is hit by Nate Guenin.
13:48 of 2nd period - Matt Stajan is hit by Anton Volchenkov and loses puck.
14:53 of 2nd period - Shot by Jay Harrison.
14:53 of 2nd period - Stopped by Brian Elliott with a rebound.
15:02 of 2nd period - Icing by Alex Goligoski.
15:03 of 2nd period - Derek Dorsett wins face-off versus Joffrey Lupul in Rangers zone.
16:35 of 2nd period - Shot by Taylor Hall.
16:35 of 2nd period - Stopped by Brian Elliott with a rebound.
16:37 of 2nd period - Shot by Jiri Tlusty.
16:37 of 2nd period - Goal by Jiri Tlusty - Capitals : 3 - Rangers : 2.
16:38 of 2nd period - Mathieu Perreault wins face-off versus Mikael Backlund in neutral zone.
17:02 of 2nd period - Icing by Chris Tanev.
17:03 of 2nd period - David Desharnais wins face-off versus Mikael Backlund in Rangers zone.
17:55 of 2nd period - Alex Goligoski is hit by Alexander Ovechkin and loses puck.
17:57 of 2nd period - Minor Penalty to Kris Russell for Roughing.
17:58 of 2nd period - Sean Couturier wins face-off versus Matt Stajan in Rangers zone.
18:13 of 2nd period - Shot by Mike Green.
18:13 of 2nd period - Shot Misses the Net.
18:15 of 2nd period - Shot by Jiri Tlusty.
18:15 of 2nd period - Stopped by Brian Elliott without a rebound.
18:16 of 2nd period - Sean Couturier wins face-off versus Matt Stajan in Rangers zone.
18:27 of 2nd period - Shot by Taylor Hall.
18:27 of 2nd period - Shot Blocked by Karl Alzner.
18:29 of 2nd period - Shot by Ryan McDonagh.
18:29 of 2nd period - Shot Misses the Net.
18:31 of 2nd period - Shot by Taylor Hall.
18:31 of 2nd period - Stopped by Brian Elliott without a rebound.
18:32 of 2nd period - Sean Couturier wins face-off versus Alexander Ovechkin in Rangers zone.
18:51 of 2nd period - Shot by Alexander Semin.
18:51 of 2nd period - Stopped by Brian Elliott with a rebound.
Goals for this period are 2 for Capitals vs 0 for Rangers.
Shots for this period are 10 for Capitals vs 2 for Rangers.

3rd period


0:01 of 3rd period - Sean Couturier wins face-off versus David Desharnais in neutral zone.
1:14 of 3rd period - Icing by Mike Green.
1:15 of 3rd period - Matt Stajan wins face-off versus David Legwand in Capitals zone.
1:15 of 3rd period - Matt Stajan is hit by Steve Downie.
1:54 of 3rd period - Minor Penalty to Tomas Tatar for Hooking.
1:55 of 3rd period - David Desharnais wins face-off versus Sean Couturier in Rangers zone.
1:56 of 3rd period - Shot by Alexander Ovechkin.
1:56 of 3rd period - Deflect By Alexander Semin.
1:56 of 3rd period - Shot Misses the Net.
1:58 of 3rd period - Shot by Dmitri Orlov.
1:58 of 3rd period - Shot Misses the Net.
2:00 of 3rd period - Shot by David Desharnais.
2:00 of 3rd period - Goal by David Desharnais - Capitals : 4 - Rangers : 2.
2:01 of 3rd period - Mikael Backlund wins face-off versus Alexander Semin in neutral zone.
2:07 of 3rd period - Mikael Backlund is hit by Dmitri Orlov and loses puck.
2:26 of 3rd period - Alex Goligoski is hit by Alexander Ovechkin and loses puck.
2:55 of 3rd period - Icing by Alex Goligoski.
2:56 of 3rd period - Mikael Backlund wins face-off versus Matt Stajan in Rangers zone.
2:56 of 3rd period - Alex Goligoski is hit by Taylor Hall and loses puck.
3:11 of 3rd period - Shot by Matt Stajan.
3:11 of 3rd period - Stopped by Brian Elliott without a rebound.
3:12 of 3rd period - Joffrey Lupul wins face-off versus Mathieu Perreault in Rangers zone.
3:12 of 3rd period - Jaromir Jagr is hit by T.J. Galiardi and loses puck.
3:18 of 3rd period - Off-side.
3:19 of 3rd period - Matt Stajan wins face-off versus Sean Couturier in neutral zone.
3:52 of 3rd period - Shot by Jaromir Jagr.
3:52 of 3rd period - Stopped by James Reimer with a rebound.
3:54 of 3rd period - Shot by Sean Couturier.
3:54 of 3rd period - Stopped by James Reimer with a rebound.
3:56 of 3rd period - Shot by Jaromir Jagr.
3:56 of 3rd period - Shot Misses the Net.
3:58 of 3rd period - Shot by Anton Volchenkov.
3:58 of 3rd period - Shot Misses the Net.
4:15 of 3rd period - David Legwand is hit by Ryan McDonagh and loses puck.
4:38 of 3rd period - Shot by David Legwand.
4:38 of 3rd period - Shot Hit the Post.
4:45 of 3rd period - Taylor Hall is hit by Bryan Allen and loses puck.
4:57 of 3rd period - Icing by Steve Downie.
4:58 of 3rd period - David Legwand wins face-off versus Alexander Semin in Rangers zone.
5:50 of 3rd period - Icing by Kris Russell.
5:51 of 3rd period - Mikael Backlund wins face-off versus Mathieu Perreault in Rangers zone.
6:01 of 3rd period - Minor Penalty to Tyler Ennis for Hooking.
6:02 of 3rd period - Sean Couturier wins face-off versus David Desharnais in Rangers zone.
6:22 of 3rd period - Shot by Alexander Semin.
6:22 of 3rd period - Shot Blocked by Chris Tanev.
6:24 of 3rd period - Shot by Taylor Hall.
6:24 of 3rd period - Stopped by Brian Elliott without a rebound.
6:25 of 3rd period - Sean Couturier wins face-off versus Jiri Tlusty in Rangers zone.
6:33 of 3rd period - Off-side.
6:34 of 3rd period - Matt Stajan wins face-off versus Sean Couturier in neutral zone.
7:05 of 3rd period - Icing by Dmitri Orlov.
7:06 of 3rd period - Matt Stajan wins face-off versus Sean Couturier in Capitals zone.
7:33 of 3rd period - Shot by David Desharnais.
7:33 of 3rd period - Goal by David Desharnais - Capitals : 5 - Rangers : 2.
7:34 of 3rd period - David Desharnais wins face-off versus Jaromir Jagr in neutral zone.
7:43 of 3rd period - Alexander Semin is hit by Benoit Pouliot and loses puck.
7:51 of 3rd period - Icing by Bryce Salvador.
7:52 of 3rd period - David Legwand wins face-off versus David Desharnais in Capitals zone.
8:28 of 3rd period - Icing by David Desharnais.
8:29 of 3rd period - David Desharnais wins face-off versus Sean Couturier in Capitals zone.
8:37 of 3rd period - Icing by Bryce Salvador.
8:38 of 3rd period - David Desharnais wins face-off versus Sean Couturier in Capitals zone.
8:57 of 3rd period - Matt Stajan is hit by Joffrey Lupul and loses puck.
9:05 of 3rd period - Sean Couturier is hit by Nate Guenin and loses puck.
9:47 of 3rd period - Alex Goligoski is hit by Dmitri Orlov and loses puck.
10:12 of 3rd period - Shot by Mikael Backlund.
10:12 of 3rd period - Deflect By Tyler Ennis.
10:12 of 3rd period - Shot Misses the Net.
10:16 of 3rd period - Shot by Mikael Backlund.
10:16 of 3rd period - Stopped by James Reimer without a rebound.
10:17 of 3rd period - David Desharnais wins face-off versus David Legwand in Capitals zone.
10:35 of 3rd period - Off-side.
10:36 of 3rd period - Mathieu Perreault wins face-off versus Sean Couturier in neutral zone.
10:55 of 3rd period - Shot by Jay Harrison.
10:55 of 3rd period - Deflect By Mathieu Perreault.
10:55 of 3rd period - Stopped by Brian Elliott without a rebound.
10:56 of 3rd period - David Desharnais wins face-off versus Mikael Backlund in Rangers zone.
10:56 of 3rd period - Alexander Ovechkin is hit by Alex Goligoski and loses puck.
11:19 of 3rd period - Off-side.
11:20 of 3rd period - Sean Couturier wins face-off versus Mathieu Perreault in neutral zone.
11:31 of 3rd period - Shot by Jaromir Jagr.
11:31 of 3rd period - Goal by Jaromir Jagr - Capitals : 5 - Rangers : 3.
11:32 of 3rd period - David Desharnais wins face-off versus Mikael Backlund in neutral zone.
11:37 of 3rd period - Shot by Alexander Ovechkin.
11:37 of 3rd period - Shot Blocked by Kris Russell.
11:57 of 3rd period - Shot by Alexander Ovechkin.
11:57 of 3rd period - Shot Blocked by Kris Russell.
12:35 of 3rd period - Sean Couturier is hit by Alexander Ovechkin and loses puck.
12:59 of 3rd period - Shot by Taylor Hall.
12:59 of 3rd period - Stopped by Brian Elliott with a rebound.
13:01 of 3rd period - Shot by Taylor Hall.
13:01 of 3rd period - Shot Blocked by Anton Volchenkov.
13:03 of 3rd period - Shot by Matt Stajan.
13:03 of 3rd period - Stopped by Brian Elliott without a rebound.
13:04 of 3rd period - David Legwand wins face-off versus Mathieu Perreault in Rangers zone.
13:17 of 3rd period - Shot by Tomas Tatar.
13:17 of 3rd period - Stopped by James Reimer without a rebound.
13:18 of 3rd period - Matt Stajan wins face-off versus Benoit Pouliot in Capitals zone.
13:50 of 3rd period - Shot by Joffrey Lupul.
13:50 of 3rd period - Shot Blocked by Dmitri Orlov.
13:52 of 3rd period - Shot by Jaromir Jagr.
13:52 of 3rd period - Stopped by James Reimer without a rebound.
13:53 of 3rd period - Alexander Ovechkin wins face-off versus Craig Smith in Capitals zone.
14:37 of 3rd period - Shot by Craig Smith.
14:37 of 3rd period - Stopped by James Reimer with a rebound.
15:15 of 3rd period - Shot by Jiri Tlusty.
15:15 of 3rd period - Stopped by Brian Elliott without a rebound.
15:16 of 3rd period - David Legwand wins face-off versus Mathieu Perreault in Rangers zone.
15:16 of 3rd period - David Legwand is hit by Mathieu Perreault.
15:21 of 3rd period - Minor Penalty to T.J. Galiardi for High sticking.
15:22 of 3rd period - Matt Stajan wins face-off versus Sean Couturier in Capitals zone.
15:22 of 3rd period - Matt Stajan is hit by Joffrey Lupul.
15:31 of 3rd period - Icing by Alex Goligoski.
15:32 of 3rd period - Sean Couturier wins face-off versus Matt Stajan in Rangers zone.
15:51 of 3rd period - Derek Morris is hit by Mike Green and loses puck.
16:43 of 3rd period - Shot by Kris Russell.
16:43 of 3rd period - Stopped by James Reimer without a rebound.
16:44 of 3rd period - Matt Stajan wins face-off versus Mikael Backlund in Capitals zone.
16:55 of 3rd period - Matt Stajan is hit by Tyler Ennis and loses puck.
17:30 of 3rd period - Shot by David Desharnais.
17:30 of 3rd period - Shot Misses the Net.
17:32 of 3rd period - Shot by David Desharnais.
17:32 of 3rd period - Shot Blocked by Chris Tanev.
17:34 of 3rd period - Shot by Alexander Semin.
17:34 of 3rd period - Stopped by Brian Elliott without a rebound.
17:35 of 3rd period - Mathieu Perreault wins face-off versus David Legwand in Rangers zone.
18:06 of 3rd period - Shot by Tomas Tatar.
18:06 of 3rd period - Deflect By David Legwand.
18:06 of 3rd period - Stopped by James Reimer with a rebound.
18:24 of 3rd period - Cody Eakin is hit by Jaromir Jagr and loses puck.
18:35 of 3rd period - Shot by Jaromir Jagr.
18:35 of 3rd period - Goal by Jaromir Jagr - Capitals : 5 - Rangers : 4.
18:36 of 3rd period - David Desharnais wins face-off versus Mikael Backlund in neutral zone.
18:41 of 3rd period - Shot by David Desharnais.
18:41 of 3rd period - Stopped by Brian Elliott without a rebound.
18:42 of 3rd period - David Desharnais wins face-off versus Sean Couturier in Rangers zone.
18:59 of 3rd period - Alexander Semin is hit by Sean Couturier and loses puck.
19:59 of 3rd period - Rangers, Brian Elliott is pulled from the net.
Goals for this period are 2 for Capitals vs 2 for Rangers.
Shots for this period are 10 for Capitals vs 10 for Rangers.


Output by the SimonT Hockey Simulator (STHS) for Stephane Roy -- Original Page W3C XHTML 1.0 Valid
Hockey Simulator - Hockey Simulation - Hockey Manager